Workbook
Name JR_PAGE_ANCHOR_0_1: #REF!
Name JR_PAGE_ANCHOR_0_1: #REF!

Sheet PO
A1: MINISTÉRIO DA EDUCAÇÃO
A2: FUNDO NACIONAL DE DESENVOLVIMENTO DA EDUCAÇÃO
A3: CAIXA ECONÔMICA FEDERAL
A4: PREFEITURA MUNICIPAL DE IPUBI/PE
A5: OBRA: CONSTRUÇÃO DE CRECHE E ESCOLA DE EDUCAÇÃO INFANTIL
A6: ENDEREÇO: RUA PROJETADA/COMUNIDADE B13, DISTRITO SERROLÂNDIA IPUBI/PE
A7: TERMO DE COMPROMISSO Nº 959087/2024/FNDE/CAIXA - OPERAÇÃO 1.093.498-25 - PROPOSTA 3164/2024
A8: REFERÊNCIA: CRECHE TIPO 1 FNDE - PERNAMBUCO - TIPO1-PLN-AT1-B220-R03
D10: PLANILHA ORÇAMENTÁRIA | I10: BDI = | J10: =BDI!D32 -> 0.24381383
A12: ITEM | B12: FONTE | C12: CÓDIGO | D12: DESCRIÇÃO DOS SERVIÇOS | E12: % | F12: UND. | G12: QUANT. | H12: P.UNIT SEM BDI | I12: P.UNIT COM BDI | J12: PREÇO TOTAL
A14: 1.0 | D14: SERVIÇOS PRELIMINARES | E14: =J14/$J$722 -> 0.099029895 | J14: =SUM(J15:J23) -> 552289.75
A15: 1.1 | B15: SINAPI | C15: 103689 | D15: FORNECIMENTO E INSTALAÇÃO DE PLACA DE OBRA COM CHAPA GALVANIZADA E ESTRUTURA DE MADEIRA. AF_03/2022_PS | E15: =J15/$J$722 -> 0.00044805197 | F15: M2 | G15: 6.4799179 | H15: 310.03 | I15: =ROUND(H15*(1+$J$10),2) -> 385.62 | J15: =G15*I15 -> 2498.7859
A16: 1.2 | B16: SINAPI | C16: 98459 | D16: TAPUME COM TELHA METÁLICA. AF_03/2024 | E16: =J16/$J$722 -> 0.0098097214 | F16: M2 | G16: 501.59364 | H16: 87.69 | I16: =ROUND(H16*(1+$J$10),2) -> 109.07 | J16: =G16*I16 -> 54708.819
A17: 1.3 | B17: SINAPI | C17: 101509 | D17: ENTRADA DE ENERGIA ELÉTRICA, AÉREA, TRIFÁSICA, COM CAIXA DE EMBUTIR, CABO DE 10 MM2 E DISJUNTOR DIN 50A (NÃO INCLUSO O POSTE DE CONCRETO). AF_07/2020_PS | E17: =J17/$J$722 -> 0.00040402212 | F17: UN | G17: 0.99998733 | H17: 1811.57 | I17: =ROUND(H17*(1+$J$10),2) -> 2253.26 | J17: =G17*I17 -> 2253.2314
A18: 1.4 | B18: PRÓPRIA | C18: FNDE 03 | D18: LIGAÇÃO PROVISÓRIA DE ÁGUA E ESGOTO | E18: =J18/$J$722 -> 0.00058096984 | F18: UN | G18: 0.99998733 | H18: 2604.98 | I18: =ROUND(H18*(1+$J$10),2) -> 3240.11 | J18: =G18*I18 -> 3240.0689
A19: 1.5 | B19: SINAPI | C19: 99059 | D19: LOCAÇÃO CONVENCIONAL DE OBRA, UTILIZANDO GABARITO DE TÁBUAS CORRIDAS PONTALETADAS A CADA 2,00M - 2 UTILIZAÇÕES. AF_03/2024 | E19: =J19/$J$722 -> 0.003580184 | F19: M | G19: 253.99678 | H19: 63.2 | I19: =ROUND(H19*(1+$J$10),2) -> 78.61 | J19: =G19*I19 -> 19966.687
A20: 1.6 | B20: PRÓPRIA | C20: FNDE 244 | D20: ADMINISTRAÇÃO LOCAL TIPO 1 | E20: =J20/$J$722 -> 0.078663445 | F20: UN | G20: 0.99998733 | H20: 352714.85 | I20: =ROUND(H20*(1+$J$10),2) -> 438711.61 | J20: =G20*I20 -> 438706.05
A21: 1.7 | B21: PRÓPRIA | C21: FNDE 231 | D21: LOCACAO DE CONTAINER 2,30 X 6,00 M, ALT. 2,50 M, COM 1 SANITARIO, PARA ESCRITORIO, COMPLETO, SEM DIVISORIAS INTERNAS (NAO INCLUI MOBILIZACAO/DESMOBILIZACAO) | E21: =J21/$J$722 -> 0.0018287915 | F21: MÊS | G21: 9.9998733 | H21: 820 | I21: =ROUND(H21*(1+$J$10),2) -> 1019.93 | J21: =G21*I21 -> 10199.171
A22: 1.8 | B22: PRÓPRIA | C22: FNDE 230 | D22: LOCACAO DE CONTAINER 2,30 X 6,00 M, ALT. 2,50 M, PARA ESCRITORIO, SEM DIVISORIAS INTERNAS E SEM SANITARIO (NAO INCLUI MOBILIZACAO/DESMOBILIZACAO) | E22: =J22/$J$722 -> 0.0014287249 | F22: MÊS | G22: 9.9998733 | H22: 640.62 | I22: =ROUND(H22*(1+$J$10),2) -> 796.81 | J22: =G22*I22 -> 7967.999
A23: 1.9 | B23: PRÓPRIA | C23: FNDE 232 | D23: LOCACAO DE CONTAINER 2,30 X 6,00 M, ALT. 2,50 M, PARA SANITARIO, COM 4 BACIAS, 8 CHUVEIROS,1 LAVATORIO E 1 MICTORIO (NAO INCLUI MOBILIZACAO/DESMOBILIZACAO) | E23: =J23/$J$722 -> 0.0022859849 | F23: MÊS | G23: 9.9998733 | H23: 1025 | I23: =ROUND(H23*(1+$J$10),2) -> 1274.91 | J23: =G23*I23 -> 12748.938
A24: 2.0 | D24: MOVIMENTO DE TERRA PARA FUNDAÇÕES | E24: =J24/$J$722 -> 0.015011239 | J24: =SUM(J25:J31) -> 83717.683
A25: 2.1 | B25: SINAPI | C25: 98525 | D25: LIMPEZA MECANIZADA DE CAMADA VEGETAL, VEGETAÇÃO E PEQUENAS ÁRVORES (DIÂMETRO DE TRONCO MENOR QUE 0,20 M), COM TRATOR DE ESTEIRAS. AF_03/2024 | E25: =J25/$J$722 -> 0.00040384102 | F25: M2 | G25: 2924.9629 | H25: 0.62 | I25: =ROUND(H25*(1+$J$10),2) -> 0.77 | J25: =G25*I25 -> 2252.2215
A26: 2.2 | B26: SINAPI | C26: 94306 | D26: ATERRO MECANIZADO DE VALA COM ESCAVADEIRA HIDRÁULICA (CAPACIDADE DA CAÇAMBA: 0,8 M³ / POTÊNCIA: 111 HP), LARGURA ATÉ 2,5 M, PROFUNDIDADE DE 1,5 A 3,0 M, COM SOLO ARGILO-ARENOSO. AF_08/2023 | E26: =J26/$J$722 -> 0.0088886981 | F26: M3 | G26: 584.99259 | H26: 68.13 | I26: =ROUND(H26*(1+$J$10),2) -> 84.74 | J26: =G26*I26 -> 49572.272
A27: 2.3 | B27: SINAPI | C27: 96521 | D27: ESCAVAÇÃO MECANIZADA PARA BLOCO DE COROAMENTO OU SAPATA COM RETROESCAVADEIRA (INCLUINDO ESCAVAÇÃO PARA COLOCAÇÃO DE FÔRMAS). AF_01/2024 | E27: =J27/$J$722 -> 0.0010391284 | F27: M3 | G27: 107.35864 | H27: 43.4 | I27: =ROUND(H27*(1+$J$10),2) -> 53.98 | J27: =G27*I27 -> 5795.2193
A28: 2.4 | B28: SINAPI | C28: 96525 | D28: ESCAVAÇÃO MECANIZADA PARA VIGA BALDRAME OU SAPATA CORRIDA COM MINI-ESCAVADEIRA (INCLUINDO ESCAVAÇÃO PARA COLOCAÇÃO DE FÔRMAS). AF_01/2024 | E28: =J28/$J$722 -> 0.0005319502 | F28: M3 | G28: 41.399475 | H28: 57.61 | I28: =ROUND(H28*(1+$J$10),2) -> 71.66 | J28: =G28*I28 -> 2966.6864
A29: 2.5 | B29: SINAPI | C29: 101617 | D29: PREPARO DE FUNDO DE VALA COM LARGURA MAIOR OU IGUAL A 1,5 M E MENOR QUE 2,5 M (ACERTO DO SOLO NATURAL). AF_08/2020 | E29: =J29/$J$722 -> 3.143478e-05 | F29: M2 | G29: 47.899393 | H29: 2.94 | I29: =ROUND(H29*(1+$J$10),2) -> 3.66 | J29: =G29*I29 -> 175.31178
A30: 2.6 | B30: SINAPI | C30: 93381 | D30: REATERRO MECANIZADO DE VALA COM RETROESCAVADEIRA (CAPACIDADE DA CAÇAMBA DA RETRO: 0,26 M³/POTÊNCIA: 88 HP), LARGURA 0,8 A 1,5 M, PROFUNDIDADE 1,5 A 3,0 M, COM SOLO (SEM SUBSTITUIÇÃO) DE 1ª CATEGORIA E COMPACTADOR DE SOLOS DE PERCUSSÃO. AF_08/2023 | E30: =J30/$J$722 -> 0.00024993259 | F30: M3 | G30: 84.018935 | H30: 13.34 | I30: =ROUND(H30*(1+$J$10),2) -> 16.59 | J30: =G30*I30 -> 1393.8741
A31: 2.7 | B31: SINAPI | C31: 94316 | D31: ATERRO MECANIZADO DE VALA COM RETROESCAVADEIRA (CAPACIDADE DA CAÇAMBA DA RETRO: 0,26 M³ / POTÊNCIA: 88 HP), LARGURA ATÉ 1,5 M, PROFUNDIDADE ATÉ 1,5 M, COM SOLO ARGILO-ARENOSO. AF_08/2023 | E31: =J31/$J$722 -> 0.0038662537 | F31: M3 | G31: 247.35686 | H31: 70.08 | I31: =ROUND(H31*(1+$J$10),2) -> 87.17 | J31: =G31*I31 -> 21562.098
A32: 3.0 | D32: FUNDAÇÕES | E32: =J32/$J$722 -> 0.023651761 | J32: =SUM(J33:J52) -> 131905.88
D33: CONCRETO ARMADO PARA FUNDAÇÕES - TUBULÕES
A34: 3.1 | B34: SINAPI | C34: 101096 | D34: TUBULÃO A CÉU ABERTO, DIÂMETRO DO FUSTE DE 70CM, ESCAVAÇÃO MANUAL, SEM ALARGAMENTO DE BASE, CONCRETO FEITO EM OBRA E LANÇADO COM JERICA. AF_05/2020_PA | E34: =J34/$J$722 -> 0.0097738273 | F34: M3 | G34: 34.349565 | H34: 1275.82 | I34: =ROUND(H34*(1+$J$10),2) -> 1586.88 | J34: =G34*I34 -> 54508.637
A35: 3.2 | B35: SINAPI | C35: 101112 | D35: ALARGAMENTO DE BASE DE TUBULÃO A CÉU ABERTO, ESCAVAÇÃO MANUAL, CONCRETO FEITO EM OBRA E LANÇADO COM JERICA. AF_05/2020 | E35: =J35/$J$722 -> 0.000691174 | F35: M3 | G35: 3.4399564 | H35: 900.91 | I35: =ROUND(H35*(1+$J$10),2) -> 1120.56 | J35: =G35*I35 -> 3854.6775
D36: CONCRETO ARMADO PARA SAPATAS
A37: 3.3 | B37: SINAPI | C37: 96619 | D37: LASTRO DE CONCRETO MAGRO, APLICADO EM BLOCOS DE COROAMENTO OU SAPATAS, ESPESSURA DE 5 CM. AF_01/2024 | F37: M2 | G37: 7.5599042 | H37: 38.34 | I37: =ROUND(H37*(1+$J$10),2) -> 47.69 | J37: =G37*I37 -> 360.53183
A38: 3.4 | B38: SINAPI | C38: 96557 | D38: CONCRETAGEM DE BLOCO DE COROAMENTO OU VIGA BALDRAME, FCK 30 MPA, COM USO DE BOMBA - LANÇAMENTO, ADENSAMENTO E ACABAMENTO. AF_01/2024 | E38: =J38/$J$722 -> 0.00045674296 | F38: M3 | G38: 3.1299603 | H38: 654.3 | I38: =ROUND(H38*(1+$J$10),2) -> 813.83 | J38: =G38*I38 -> 2547.2556
A39: 3.5 | B39: SINAPI | C39: 96534 | D39: FABRICAÇÃO, MONTAGEM E DESMONTAGEM DE FÔRMA PARA BLOCO DE COROAMENTO, EM MADEIRA SERRADA, E=25 MM, 4 UTILIZAÇÕES. AF_01/2024 | E39: =J39/$J$722 -> 0.0003385655 | F39: M2 | G39: 19.459753 | H39: 78.01 | I39: =ROUND(H39*(1+$J$10),2) -> 97.03 | J39: =G39*I39 -> 1888.1799
A40: 3.6 | B40: SINAPI | C40: 96545 | D40: ARMAÇÃO DE BLOCO UTILIZANDO AÇO CA-50 DE 8 MM - MONTAGEM. AF_01/2024 | E40: =J40/$J$722 -> 0.0004966752 | F40: KG | G40: 129.55836 | H40: 17.19 | I40: =ROUND(H40*(1+$J$10),2) -> 21.38 | J40: =G40*I40 -> 2769.9577
A41: 3.7 | B41: SINAPI | C41: 96546 | D41: ARMAÇÃO DE BLOCO UTILIZANDO AÇO CA-50 DE 10 MM - MONTAGEM. AF_01/2024 | E41: =J41/$J$722 -> 0.00018325017 | F41: KG | G41: 54.159314 | H41: 15.17 | I41: =ROUND(H41*(1+$J$10),2) -> 18.87 | J41: =G41*I41 -> 1021.9862
A42: 3.8 | B42: SINAPI | C42: 92915 | D42: ARMAÇÃO DE ESTRUTURAS DIVERSAS DE CONCRETO ARMADO, EXCETO VIGAS, PILARES, LAJES E FUNDAÇÕES, UTILIZANDO AÇO CA-60 DE 5,0 MM - MONTAGEM. AF_06/2022 | E42: =J42/$J$722 -> 5.6353506e-05 | F42: KG | G42: 14.449817 | H42: 17.49 | I42: =ROUND(H42*(1+$J$10),2) -> 21.75 | J42: =G42*I42 -> 314.28352
D43: CONCRETO ARMADO PARA BLOCOS
A44: 3.9 | B44: SINAPI | C44: 96619 | D44: LASTRO DE CONCRETO MAGRO, APLICADO EM BLOCOS DE COROAMENTO OU SAPATAS, ESPESSURA DE 5 CM. AF_01/2024 | E44: =J44/$J$722 -> 0.0001728174 | F44: M2 | G44: 20.209744 | H44: 38.34 | I44: =ROUND(H44*(1+$J$10),2) -> 47.69 | J44: =G44*I44 -> 963.80268
A45: 3.10 | B45: SINAPI | C45: 96557 | D45: CONCRETAGEM DE BLOCO DE COROAMENTO OU VIGA BALDRAME, FCK 30 MPA, COM USO DE BOMBA - LANÇAMENTO, ADENSAMENTO E ACABAMENTO. AF_01/2024 | E45: =J45/$J$722 -> 0.0029651812 | F45: M3 | G45: 20.319742 | H45: 654.3 | I45: =ROUND(H45*(1+$J$10),2) -> 813.83 | J45: =G45*I45 -> 16536.816
A46: 3.11 | B46: SINAPI | C46: 96534 | D46: FABRICAÇÃO, MONTAGEM E DESMONTAGEM DE FÔRMA PARA BLOCO DE COROAMENTO, EM MADEIRA SERRADA, E=25 MM, 4 UTILIZAÇÕES. AF_01/2024 | E46: =J46/$J$722 -> 0.003720045 | F46: M2 | G46: 213.81729 | H46: 78.01 | I46: =ROUND(H46*(1+$J$10),2) -> 97.03 | J46: =G46*I46 -> 20746.692
A47: 3.12 | B47: SINAPI | C47: 96546 | D47: ARMAÇÃO DE BLOCO UTILIZANDO AÇO CA-50 DE 10 MM - MONTAGEM. AF_01/2024 | E47: =J47/$J$722 -> 0.002950815 | F47: KG | G47: 872.10895 | H47: 15.17 | I47: =ROUND(H47*(1+$J$10),2) -> 18.87 | J47: =G47*I47 -> 16456.696
A48: 3.13 | B48: SINAPI | C48: 96544 | D48: ARMAÇÃO DE BLOCO UTILIZANDO AÇO CA-50 DE 6,3 MM - MONTAGEM. AF_01/2024 | E48: =J48/$J$722 -> 0.0005681 | F48: KG | G48: 135.97828 | H48: 18.73 | I48: =ROUND(H48*(1+$J$10),2) -> 23.3 | J48: =G48*I48 -> 3168.2938
A49: 3.14 | B49: SINAPI | C49: 96543 | D49: ARMAÇÃO DE BLOCO UTILIZANDO AÇO CA-60 DE 5 MM - MONTAGEM. AF_01/2024 | E49: =J49/$J$722 -> 0.00096882017 | F49: KG | G49: 213.47729 | H49: 20.35 | I49: =ROUND(H49*(1+$J$10),2) -> 25.31 | J49: =G49*I49 -> 5403.1103
A50: 3.15 | B50: SINAPI | C50: 104920 | D50: ARMAÇÃO DE BLOCO, SAPATA ISOLADA, VIGA BALDRAME E SAPATA CORRIDA UTILIZANDO AÇO CA-50 DE 12,5 MM - MONTAGEM. AF_01/2024 | E50: =J50/$J$722 -> 0.00010045816 | F50: KG | G50: 37.829521 | H50: 11.91 | I50: =ROUND(H50*(1+$J$10),2) -> 14.81 | J50: =G50*I50 -> 560.2552
A51: 3.16 | B51: SINAPI | C51: 104921 | D51: ARMAÇÃO DE BLOCO, SAPATA ISOLADA, VIGA BALDRAME E SAPATA CORRIDA UTILIZANDO AÇO CA-50 DE 16 MM - MONTAGEM. AF_01/2024 | E51: =J51/$J$722 -> 0.00010454309 | F51: KG | G51: 41.379476 | H51: 11.33 | I51: =ROUND(H51*(1+$J$10),2) -> 14.09 | J51: =G51*I51 -> 583.03681
A52: 3.17 | B52: SINAPI | C52: 104922 | D52: ARMAÇÃO DE BLOCO, SAPATA ISOLADA E SAPATA CORRIDA UTILIZANDO AÇO CA-50 DE 20 MM - MONTAGEM. AF_01/2024 | E52: =J52/$J$722 -> 3.974633e-05 | F52: KG | G52: 14.109821 | H52: 12.63 | I52: =ROUND(H52*(1+$J$10),2) -> 15.71 | J52: =G52*I52 -> 221.66529
A53: 4.0 | D53: SUPERESTRUTURA | E53: =J53/$J$722 -> 0.16633463 | J53: =SUM(J54:J98) -> 927648.26
D54: CONCRETO ARMADO - PILARES
A55: 4.1 | B55: SINAPI | C55: 92443 | D55: MONTAGEM E DESMONTAGEM DE FÔRMA DE PILARES RETANGULARES E ESTRUTURAS SIMILARES, PÉ-DIREITO SIMPLES, EM CHAPA DE MADEIRA COMPENSADA PLASTIFICADA, 18 UTILIZAÇÕES. AF_09/2020 | E55: =J55/$J$722 -> 0.007439158 | F55: M2 | G55: 605.93232 | H55: 55.05 | I55: =ROUND(H55*(1+$J$10),2) -> 68.47 | J55: =G55*I55 -> 41488.186
A56: 4.2 | B56: SINAPI | C56: 92762 | D56: ARMAÇÃO DE PILAR OU VIGA DE ESTRUTURA CONVENCIONAL DE CONCRETO ARMADO UTILIZANDO AÇO CA-50 DE 10,0 MM - MONTAGEM. AF_06/2022 | E56: =J56/$J$722 -> 0.0043294923 | F56: KG | G56: 1560.8002 | H56: 12.44 | I56: =ROUND(H56*(1+$J$10),2) -> 15.47 | J56: =G56*I56 -> 24145.579
A57: 4.3 | B57: SINAPI | C57: 92763 | D57: ARMAÇÃO DE PILAR OU VIGA DE ESTRUTURA CONVENCIONAL DE CONCRETO ARMADO UTILIZANDO AÇO CA-50 DE 12,5 MM - MONTAGEM. AF_06/2022 | E57: =J57/$J$722 -> 0.00011000502 | F57: KG | G57: 46.939405 | H57: 10.51 | I57: =ROUND(H57*(1+$J$10),2) -> 13.07 | J57: =G57*I57 -> 613.49802
A58: 4.4 | B58: SINAPI | C58: 92759 | D58: ARMAÇÃO DE PILAR OU VIGA DE ESTRUTURA CONVENCIONAL DE CONCRETO ARMADO UTILIZANDO AÇO CA-60 DE 5,0 MM - MONTAGEM. AF_06/2022 | E58: =J58/$J$722 -> 0.0029488368 | F58: KG | G58: 880.38884 | H58: 15.02 | I58: =ROUND(H58*(1+$J$10),2) -> 18.68 | J58: =G58*I58 -> 16445.664
A59: 4.5 | B59: SINAPI | C59: 103672 | D59: CONCRETAGEM DE PILARES, FCK = 25 MPA, COM USO DE BOMBA - LANÇAMENTO, ADENSAMENTO E ACABAMENTO. AF_02/2022_PS | E59: =J59/$J$722 -> 0.0039267546 | F59: M3 | G59: 29.759623 | H59: 591.63 | I59: =ROUND(H59*(1+$J$10),2) -> 735.88 | J59: =G59*I59 -> 21899.511
D60: CONCRETO ARMADO - VIGAS INCLUINDO BALDRAME
A61: 4.6 | B61: SINAPI | C61: 96619 | D61: LASTRO DE CONCRETO MAGRO, APLICADO EM BLOCOS DE COROAMENTO OU SAPATAS, ESPESSURA DE 5 CM. AF_01/2024 | E61: =J61/$J$722 -> 0.001633257 | F61: M2 | G61: 190.99758 | H61: 38.34 | I61: =ROUND(H61*(1+$J$10),2) -> 47.69 | J61: =G61*I61 -> 9108.6746
A62: 4.7 | B62: SINAPI | C62: 92443 | D62: MONTAGEM E DESMONTAGEM DE FÔRMA DE PILARES RETANGULARES E ESTRUTURAS SIMILARES, PÉ-DIREITO SIMPLES, EM CHAPA DE MADEIRA COMPENSADA PLASTIFICADA, 18 UTILIZAÇÕES. AF_09/2020 | E62: =J62/$J$722 -> 0.020540739 | F62: M2 | G62: 1673.0788 | H62: 55.05 | I62: =ROUND(H62*(1+$J$10),2) -> 68.47 | J62: =G62*I62 -> 114555.71
A63: 4.8 | B63: SINAPI | C63: 92760 | D63: ARMAÇÃO DE PILAR OU VIGA DE ESTRUTURA CONVENCIONAL DE CONCRETO ARMADO UTILIZANDO AÇO CA-50 DE 6,3 MM - MONTAGEM. AF_06/2022 | E63: =J63/$J$722 -> 7.6576756e-05 | F63: KG | G63: 23.6997 | H63: 14.49 | I63: =ROUND(H63*(1+$J$10),2) -> 18.02 | J63: =G63*I63 -> 427.06859
A64: 4.9 | B64: SINAPI | C64: 92761 | D64: ARMAÇÃO DE PILAR OU VIGA DE ESTRUTURA CONVENCIONAL DE CONCRETO ARMADO UTILIZANDO AÇO CA-50 DE 8,0 MM - MONTAGEM. AF_06/2022 | E64: =J64/$J$722 -> 0.0084894814 | F64: KG | G64: 2752.6651 | H64: 13.83 | I64: =ROUND(H64*(1+$J$10),2) -> 17.2 | J64: =G64*I64 -> 47345.84
A65: 4.10 | B65: SINAPI | C65: 92762 | D65: ARMAÇÃO DE PILAR OU VIGA DE ESTRUTURA CONVENCIONAL DE CONCRETO ARMADO UTILIZANDO AÇO CA-50 DE 10,0 MM - MONTAGEM. AF_06/2022 | E65: =J65/$J$722 -> 0.001591362 | F65: KG | G65: 573.69273 | H65: 12.44 | I65: =ROUND(H65*(1+$J$10),2) -> 15.47 | J65: =G65*I65 -> 8875.0265
A66: 4.11 | B66: SINAPI | C66: 92763 | D66: ARMAÇÃO DE PILAR OU VIGA DE ESTRUTURA CONVENCIONAL DE CONCRETO ARMADO UTILIZANDO AÇO CA-50 DE 12,5 MM - MONTAGEM. AF_06/2022 | E66: =J66/$J$722 -> 0.0020538645 | F66: KG | G66: 876.38889 | H66: 10.51 | I66: =ROUND(H66*(1+$J$10),2) -> 13.07 | J66: =G66*I66 -> 11454.403
A67: 4.12 | B67: SINAPI | C67: 92764 | D67: ARMAÇÃO DE PILAR OU VIGA DE ESTRUTURA CONVENCIONAL DE CONCRETO ARMADO UTILIZANDO AÇO CA-50 DE 16,0 MM - MONTAGEM. AF_06/2022 | E67: =J67/$J$722 -> 0.00087832342 | F67: KG | G67: 385.09512 | H67: 10.23 | I67: =ROUND(H67*(1+$J$10),2) -> 12.72 | J67: =G67*I67 -> 4898.4099
A68: 4.13 | B68: SINAPI | C68: 92765 | D68: ARMAÇÃO DE PILAR OU VIGA DE ESTRUTURA CONVENCIONAL DE CONCRETO ARMADO UTILIZANDO AÇO CA-50 DE 20,0 MM - MONTAGEM. AF_06/2022 | E68: =J68/$J$722 -> 0.00032160932 | F68: KG | G68: 122.59845 | H68: 11.76 | I68: =ROUND(H68*(1+$J$10),2) -> 14.63 | J68: =G68*I68 -> 1793.6153
A69: 4.14 | B69: SINAPI | C69: 92759 | D69: ARMAÇÃO DE PILAR OU VIGA DE ESTRUTURA CONVENCIONAL DE CONCRETO ARMADO UTILIZANDO AÇO CA-60 DE 5,0 MM - MONTAGEM. AF_06/2022 | E69: =J69/$J$722 -> 0.0058497768 | F69: KG | G69: 1746.4779 | H69: 15.02 | I69: =ROUND(H69*(1+$J$10),2) -> 18.68 | J69: =G69*I69 -> 32624.207
A70: 4.15 | B70: SINAPI | C70: 103675 | D70: CONCRETAGEM DE VIGAS E LAJES, FCK=25 MPA, PARA LAJES MACIÇAS OU NERVURADAS COM USO DE BOMBA - LANÇAMENTO, ADENSAMENTO E ACABAMENTO. AF_02/2022_PS | E70: =J70/$J$722 -> 0.014314566 | F70: M3 | G70: 108.39863 | H70: 592.11 | I70: =ROUND(H70*(1+$J$10),2) -> 736.47 | J70: =G70*I70 -> 79832.336
D71: CONCRETO ARMADO PARA VERGAS
A72: 4.16 | B72: SINAPI | C72: 93184 | D72: VERGA PRÉ-MOLDADA COM ATÉ 1,5 M DE VÃO, ESPESSURA DE *20* CM. AF_03/2024 | E72: =J72/$J$722 -> 0.00028192684 | F72: M | G72: 43.699446 | H72: 28.93 | I72: =ROUND(H72*(1+$J$10),2) -> 35.98 | J72: =G72*I72 -> 1572.3061
A73: 4.17 | B73: SINAPI | C73: 93185 | D73: VERGA PRÉ-MOLDADA PARA PORTAS COM MAIS DE 1,5 M DE VÃO. AF_03/2016 | E73: =J73/$J$722 -> 0.00012977206 | F73: M | G73: 8.8998872 | H73: 65.38 | I73: =ROUND(H73*(1+$J$10),2) -> 81.32 | J73: =G73*I73 -> 723.73883
A74: 4.18 | B74: SINAPI | C74: 93183 | D74: VERGA PRÉ-MOLDADA PARA JANELAS COM MAIS DE 1,5 M DE VÃO. AF_03/2016 | E74: =J74/$J$722 -> 0.00013910205 | F74: M | G74: 9.3998809 | H74: 66.35 | I74: =ROUND(H74*(1+$J$10),2) -> 82.53 | J74: =G74*I74 -> 775.77217
A75: 4.19 | B75: SINAPI | C75: 93182 | D75: VERGA PRÉ-MOLDADA PARA JANELAS COM ATÉ 1,5 M DE VÃO. AF_03/2016 | E75: =J75/$J$722 -> 8.1069437e-05 | F75: M | G75: 6.9999113 | H75: 51.93 | I75: =ROUND(H75*(1+$J$10),2) -> 64.59 | J75: =G75*I75 -> 452.12427
A76: 4.20 | B76: SINAPI | C76: 93195 | D76: CONTRAVERGA PRÉ-MOLDADA PARA VÃOS DE MAIS DE 1,5 M DE COMPRIMENTO. AF_03/2016 | E76: =J76/$J$722 -> 0.0016995615 | F76: M | G76: 122.69844 | H76: 62.11 | I76: =ROUND(H76*(1+$J$10),2) -> 77.25 | J76: =G76*I76 -> 9478.4549
A77: 4.21 | B77: SINAPI | C77: 93194 | D77: CONTRAVERGA PRÉ-MOLDADA, ESPESSURA DE *20* CM. AF_03/2024 | E77: =J77/$J$722 -> 0.00010435514 | F77: M | G77: 16.59979 | H77: 28.19 | I77: =ROUND(H77*(1+$J$10),2) -> 35.06 | J77: =G77*I77 -> 581.98862
D78: CONCRETO ARMADO - LAJE
A79: 4.22 | B79: SINAPI | C79: 92514 | D79: MONTAGEM E DESMONTAGEM DE FÔRMA DE LAJE MACIÇA, PÉ-DIREITO SIMPLES, EM CHAPA DE MADEIRA COMPENSADA RESINADA, 4 UTILIZAÇÕES. AF_09/2020 | E79: =J79/$J$722 -> 0.00044468827 | F79: M2 | G79: 37.799521 | H79: 52.75 | I79: =ROUND(H79*(1+$J$10),2) -> 65.61 | J79: =G79*I79 -> 2480.0266
A80: 4.23 | B80: SINAPI | C80: 92769 | D80: ARMAÇÃO DE LAJE DE ESTRUTURA CONVENCIONAL DE CONCRETO ARMADO UTILIZANDO AÇO CA-50 DE 6,3 MM - MONTAGEM. AF_06/2022 | E80: =J80/$J$722 -> 4.3054859e-05 | F80: KG | G80: 13.799825 | H80: 13.99 | I80: =ROUND(H80*(1+$J$10),2) -> 17.4 | J80: =G80*I80 -> 240.11696
A81: 4.24 | B81: SINAPI | C81: 92770 | D81: ARMAÇÃO DE LAJE DE ESTRUTURA CONVENCIONAL DE CONCRETO ARMADO UTILIZANDO AÇO CA-50 DE 8,0 MM - MONTAGEM. AF_06/2022 | E81: =J81/$J$722 -> 0.0001470053 | F81: KG | G81: 49.299375 | H81: 13.37 | I81: =ROUND(H81*(1+$J$10),2) -> 16.63 | J81: =G81*I81 -> 819.84861
A82: 4.25 | B82: SINAPI | C82: 92773 | D82: ARMAÇÃO DE LAJE DE ESTRUTURA CONVENCIONAL DE CONCRETO ARMADO UTILIZANDO AÇO CA-50 DE 16,0 MM - MONTAGEM. AF_06/2022 | E82: =J82/$J$722 -> 0.0010106674 | F82: KG | G82: 453.09426 | H82: 10 | I82: =ROUND(H82*(1+$J$10),2) -> 12.44 | J82: =G82*I82 -> 5636.4926
A83: 4.26 | B83: SINAPI | C83: 92774 | D83: ARMAÇÃO DE LAJE DE ESTRUTURA CONVENCIONAL DE CONCRETO ARMADO UTILIZANDO AÇO CA-50 DE 20,0 MM - MONTAGEM. AF_06/2022 | E83: =J83/$J$722 -> 9.0621046e-06 | F83: KG | G83: 3.4999556 | H83: 11.61 | I83: =ROUND(H83*(1+$J$10),2) -> 14.44 | J83: =G83*I83 -> 50.539359
A84: 4.27 | B84: SINAPI | C84: 92768 | D84: ARMAÇÃO DE LAJE DE ESTRUTURA CONVENCIONAL DE CONCRETO ARMADO UTILIZANDO AÇO CA-60 DE 5,0 MM - MONTAGEM. AF_06/2022 | E84: =J84/$J$722 -> 6.4729318e-07 | F84: KG | G84: 0.19999747 | H84: 14.51 | I84: =ROUND(H84*(1+$J$10),2) -> 18.05 | J84: =G84*I84 -> 3.6099542
A85: 4.28 | B85: SINAPI | C85: 103675 | D85: CONCRETAGEM DE VIGAS E LAJES, FCK=25 MPA, PARA LAJES MACIÇAS OU NERVURADAS COM USO DE BOMBA - LANÇAMENTO, ADENSAMENTO E ACABAMENTO. AF_02/2022_PS | E85: =J85/$J$722 -> 0.00093757764 | F85: M3 | G85: 7.09991 | H85: 592.11 | I85: =ROUND(H85*(1+$J$10),2) -> 736.47 | J85: =G85*I85 -> 5228.8707
D86: ESTRUTURA METÁLICA
A87: 4.29 | B87: SINAPI | C87: 100775 | D87: ESTRUTURA TRELIÇADA DE COBERTURA, TIPO FINK, COM LIGAÇÕES SOLDADAS, INCLUSOS PERFIS METÁLICOS, CHAPAS METÁLICAS, MÃO DE OBRA E TRANSPORTE COM GUINDASTE - FORNECIMENTO E INSTALAÇÃO. AF_01/2020_PSA | E87: =J87/$J$722 -> 0.057763601 | F87: KG | G87: 19005.759 | H87: 13.63 | I87: =ROUND(H87*(1+$J$10),2) -> 16.95 | J87: =G87*I87 -> 322147.62
D88: PISO DE CONCRETO
D89: PAVIMENTAÇÃO INTERNA DE PISO DE CONCRETO 8 CM
A90: 4.30 | B90: SINAPI | C90: 97083 | D90: COMPACTAÇÃO MECÂNICA DE SOLO PARA EXECUÇÃO DE RADIER, PISO DE CONCRETO OU LAJE SOBRE SOLO, COM COMPACTADOR DE SOLOS A PERCUSSÃO. AF_09/2021 | E90: =J90/$J$722 -> 0.0009678069 | F90: M2 | G90: 1394.6923 | H90: 3.11 | I90: =ROUND(H90*(1+$J$10),2) -> 3.87 | J90: =G90*I90 -> 5397.4593
A91: 4.31 | B91: SINAPI | C91: 96622 | D91: LASTRO COM MATERIAL GRANULAR, APLICADO EM PISOS OU LAJES SOBRE SOLO, ESPESSURA DE *5 CM*. AF_01/2024 | E91: =J91/$J$722 -> 0.0032689975 | F91: M3 | G91: 69.739116 | H91: 210.18 | I91: =ROUND(H91*(1+$J$10),2) -> 261.42 | J91: =G91*I91 -> 18231.2
A92: 4.32 | B92: SINAPI | C92: 97087 | D92: CAMADA SEPARADORA PARA EXECUÇÃO DE RADIER, PISO DE CONCRETO OU LAJE SOBRE SOLO, EM LONA PLÁSTICA. AF_09/2021 | E92: =J92/$J$722 -> 0.00069772125 | F92: M2 | G92: 1394.6923 | H92: 2.24 | I92: =ROUND(H92*(1+$J$10),2) -> 2.79 | J92: =G92*I92 -> 3891.1916
A93: 4.33 | B93: SINAPI | C93: 94991 | D93: EXECUÇÃO DE PASSEIO (CALÇADA) OU PISO DE CONCRETO COM CONCRETO MOLDADO IN LOCO, USINADO C20, ACABAMENTO CONVENCIONAL, NÃO ARMADO. AF_08/2022 | E93: =J93/$J$722 -> 0.016551923 | F93: M3 | G93: 111.57859 | H93: 665.14 | I93: =ROUND(H93*(1+$J$10),2) -> 827.31 | J93: =G93*I93 -> 92310.08
D94: PAVIMENTAÇÃO EXTERNA - CALÇADA DE PISO DE CONCRETO 7 CM
A95: 4.34 | B95: SINAPI | C95: 97083 | D95: COMPACTAÇÃO MECÂNICA DE SOLO PARA EXECUÇÃO DE RADIER, PISO DE CONCRETO OU LAJE SOBRE SOLO, COM COMPACTADOR DE SOLOS A PERCUSSÃO. AF_09/2021 | E95: =J95/$J$722 -> 0.00034019761 | F95: M2 | G95: 490.25379 | H95: 3.11 | I95: =ROUND(H95*(1+$J$10),2) -> 3.87 | J95: =G95*I95 -> 1897.2822
A96: 4.35 | B96: SINAPI | C96: 96622 | D96: LASTRO COM MATERIAL GRANULAR, APLICADO EM PISOS OU LAJES SOBRE SOLO, ESPESSURA DE *5 CM*. AF_01/2024 | E96: =J96/$J$722 -> 0.0011488834 | F96: M3 | G96: 24.509689 | H96: 210.18 | I96: =ROUND(H96*(1+$J$10),2) -> 261.42 | J96: =G96*I96 -> 6407.323
A97: 4.36 | B97: SINAPI | C97: 97087 | D97: CAMADA SEPARADORA PARA EXECUÇÃO DE RADIER, PISO DE CONCRETO OU LAJE SOBRE SOLO, EM LONA PLÁSTICA. AF_09/2021 | E97: =J97/$J$722 -> 0.00024525874 | F97: M2 | G97: 490.25379 | H97: 2.24 | I97: =ROUND(H97*(1+$J$10),2) -> 2.79 | J97: =G97*I97 -> 1367.8081
A98: 4.37 | B98: SINAPI | C98: 94991 | D98: EXECUÇÃO DE PASSEIO (CALÇADA) OU PISO DE CONCRETO COM CONCRETO MOLDADO IN LOCO, USINADO C20, ACABAMENTO CONVENCIONAL, NÃO ARMADO. AF_08/2022 | E98: =J98/$J$722 -> 0.0058179461 | F98: M3 | G98: 39.219503 | H98: 665.14 | I98: =ROUND(H98*(1+$J$10),2) -> 827.31 | J98: =G98*I98 -> 32446.687
A99: 5.0 | D99: SISTEMA DE VEDAÇÃO VERTICAL | E99: =J99/$J$722 -> 0.02677347 | J99: =SUM(J100:J112) -> 149315.65
D100: ELEMENTOS VAZADOS
A101: 5;1 | B101: SINAPI | C101: 101161 | D101: ALVENARIA DE VEDAÇÃO COM ELEMENTO VAZADO DE CONCRETO (COBOGÓ) DE 7X50X50CM E ARGAMASSA DE ASSENTAMENTO COM PREPARO EM BETONEIRA. AF_05/2020 | E101: =J101/$J$722 -> 0.00022563242 | F101: M2 | G101: 4.7999392 | H101: 210.77 | I101: =ROUND(H101*(1+$J$10),2) -> 262.16 | J101: =G101*I101 -> 1258.3521
D102: ALVENARIA DE VEDAÇÃO
A103: 5;2 | B103: SINAPI | C103: 103324 | D103: ALVENARIA DE VEDAÇÃO DE BLOCOS CERÂMICOS FURADOS NA VERTICAL DE 14X19X39 CM (ESPESSURA 14 CM) E ARGAMASSA DE ASSENTAMENTO COM PREPARO EM BETONEIRA. AF_12/2021 | E103: =J103/$J$722 -> 0.010889934 | F103: M2 | G103: 778.73013 | H103: 62.7 | I103: =ROUND(H103*(1+$J$10),2) -> 77.99 | J103: =G103*I103 -> 60733.163
...

Sheet BDI
A1: MINISTÉRIO DA EDUCAÇÃO
A2: FUNDO NACIONAL DE DESENVOLVIMENTO DA EDUCAÇÃO
A3: CAIXA ECONÔMICA FEDERAL
A4: PREFEITURA MUNICIPAL DE IPUBI/PE
A5: OBRA: CONSTRUÇÃO DE CRECHE E ESCOLA DE EDUCAÇÃO INFANTIL
A6: ENDEREÇO: RUA PROJETADA/COMUNIDADE B13, DISTRITO SERROLÂNDIA IPUBI/PE
A7: TERMO DE COMPROMISSO Nº 959087/2024/FNDE/CAIXA - OPERAÇÃO 1.093.498-25 - PROPOSTA 3164/2024
A8: REFERÊNCIA: CRECHE TIPO 1 FNDE - PERNAMBUCO - TIPO1-PLN-AT1-B220-R03
B10: COMPOSIÇÃO DE BDI PARA EDIFICAÇÕES
A12: ITEM | B12: COMPONENTES DO BDI | C12: DETERMINAÇÃO | D12: (%)
B14: DESPESAS INDIRETAS DA SEDE
A15: AC | B15: TAXA DA ADMINISTRAÇÃO CENTRAL | C15: ACÓRDÃO TCU N.º 2622.2013 | D15: 0.055
A17: R | B17: TAXA DE RISCOS | C17: ACÓRDÃO TCU N.º 2622.2013 | D17: 0.0127
A19: SG | B19: TAXA DE SEGURO E GARANTIA DO EMPREENDIMENTO | C19: ACÓRDÃO TCU N.º 2622.2013 | D19: 0.01
A21: DF | B21: TAXA DE DESPESAS FINANCEIRAS | C21: ACÓRDÃO TCU N.º 2622.2013 | D21: 0.0139
B23: BENEFÍCIOS
A24: T | B24: TRIBUTOS = PIS+COFINS+ISS | D24: =SUM(D25:D29) -> 0.0565
A25: PIS | B25: PROGRAMA DE INTEGRAÇÃO SOCIAL | C25: LEI FEDERAL 9.718/1998 | D25: 0.0065
A26: COFINS | B26: CONTRIBUIÇÃO PARA FINANCIAMENTO DA SEGURIDADE SOCIAL | C26: LEI FEDERAL 9.718/1998 | D26: 0.03
A27: ISS | B27: IMPOSTO SOBRE SERVIÇO DE QUALQUER NATUREZA DEDUÇÕES ESTIMADAS COM MATERIAIS=60% | C27: LEI FEDERAL: ALÍQUOTA MÍNIMA(EMENDA CONSTITUCIONAL 37/2002) E ALÍQUOTA MÁXIMA(LC 116/2003) | D27: =(5*0.4)/100 -> 0.02
C28: CÓDIGO TRIBUTÁRIO MUNICIPAL
A29: CPRB | B29: CONTRIB. PREV. SOBRE REC. BRUTA - CPRB | C29: LEI FEDERAL 12.546/2011 | D29: 0
A30: L | B30: LUCRO BRUTO | C30: ACÓRDÃO TCU N.º 2622.2013 | D30: 0.074
C32: BDI = | D32: =(((1+D15+D19+D17)*(1+D21)*(1+D30))/(1-D24))-1 -> 0.24381383
B35: FÓRMULA DO BDI:
B36: BDI = (1+AC+SG+R)*(1+DF)*(1+L) -1 (1-T)
A40: DECLARO SEREM VERDADEIRAS AS INFORMAÇÕES REFERENTES AO PERCENTUAL DO ISS PRATICADO PELO MUNICÍPIO DE IPUBI/PE, CONFORME LEGISLAÇÃO TRIBUTÁRIA MUNICIPAL.
A43: DECLARO SEREM VERDADEIRAS AS INFORMAÇÕES REFERENTES AOS DEMAIS PERCENTUAIS PRATICADOS PELO MUNICÍPIO DE IPUBI/PE, NA COMPOSIÇÃO DO BDI, EM CONFORMIDADE COM O ACÓRDÃO 2622.2013 DO TRIBUNAL DE CONTAS DA UNIÃO - TCU.

Sheet CRO
A1: MINISTÉRIO DA EDUCAÇÃO
A2: FUNDO NACIONAL DE DESENVOLVIMENTO DA EDUCAÇÃO
A3: CAIXA ECONÔMICA FEDERAL
A4: PREFEITURA MUNICIPAL DE IPUBI/PE
A5: OBRA: CONSTRUÇÃO DE CRECHE E ESCOLA DE EDUCAÇÃO INFANTIL
A6: ENDEREÇO: RUA PROJETADA/COMUNIDADE B13, DISTRITO SERROLÂNDIA IPUBI/PE
A7: TERMO DE COMPROMISSO Nº 959087/2024/FNDE/CAIXA - OPERAÇÃO 1.093.498-25 - PROPOSTA 3164/2024
A8: REFERÊNCIA: CRECHE TIPO 1 FNDE - PERNAMBUCO - TIPO1-PLN-AT1-B220-R03
B10: CRONOGRAMA FÍSICO E FINANCEIRO
A12: ITEM | B12: DESCRIÇÃO DOS SERVIÇOS | C12: P.TOTAL | E12: mês 01 | G12: mês 02 | I12: mês 03 | K12: mês 04 | M12: mês 05
E13: % | F13: R$ | G13: % | H13: R$ | I13: % | J13: R$ | K13: % | L13: R$ | M13: % | N13: R$
A15: 1.0 | B15: SERVIÇOS PRELIMINARES | C15: =PO!J14 -> 552289.75 | E15: =F15/C15 -> 0.23471638 | F15: =46962.811+82668.6396 -> 129631.45 | G15: =H15/$C$15 -> 0.085032922 | H15: 46962.811 | I15: =J15/$C$15 -> 0.085032922 | J15: 46962.811 | K15: =L15/$C$15 -> 0.085032922 | L15: 46962.811 | M15: =N15/$C$15 -> 0.085032922 | N15: 46962.811
A16: 2.0 | B16: MOVIMENTO DE TERRA PARA FUNDAÇÕES | C16: =PO!J24 -> 83717.683 | E16: 1 | F16: =C16*E16 -> 83717.683
A17: 3.0 | B17: FUNDAÇÕES | C17: =PO!J32 -> 131905.88 | G17: 1 | H17: =C17*G17 -> 131905.88
A18: 4.0 | B18: SUPERESTRUTURA | C18: =PO!J53 -> 927648.26 | I18: =1/3 -> 0.33333333 | J18: =C18*I18 -> 309216.09 | K18: 0.33333333 | L18: =C18*K18 -> 309216.09 | M18: 0.33333333 | N18: =C18*M18 -> 309216.09
A19: 5.0 | B19: SISTEMA DE VEDAÇÃO VERTICAL | C19: =PO!J99 -> 149315.65 | I19: 0.28169867 | J19: =C19*I19 -> 42062.02 | K19: 0.28169867 | L19: =C19*K19 -> 42062.02 | M19: 0.28169867 | N19: =C19*M19 -> 42062.02
A20: 8.0 | B20: IMPERMEABILIZAÇÃO | C20: =PO!J176 -> 77198.359 | M20: 1 | N20: =C20*M20 -> 77198.359
A21: 12.0 | B21: INSTALAÇÃO HIDRÁULICA | C21: =PO!J250 -> 139393.83 | M21: 1 | N21: =C21*M21 -> 139393.83
A22: 13.0 | B22: DRENAGEM DE ÁGUAS PLUVIAIS | C22: =PO!J304 -> 40292.279 | M22: 1 | N22: =C22*M22 -> 40292.279
A23: 14.0 | B23: INSTALAÇÃO SANITÁRIA | C23: =PO!J324 -> 91909.854 | M23: 1 | N23: =C23*M23 -> 91909.854
A24: 16.0 | B24: INSTALAÇÃO DE GÁS COMBUSTÍVEL | C24: =PO!J408 -> 4672.4808 | M24: 1 | N24: =C24*M24 -> 4672.4808
A25: 17.0 | B25: SISTEMA DE PROTEÇÃO CONTRA INCÊNDIO | C25: =PO!J421 -> 72729.609 | M25: 1 | N25: =C25*M25 -> 72729.609
A26: 18.0 | B26: INSTALAÇÃO ELÉTRICA - 220V | C26: =PO!J483 -> 323648.1 | M26: 0.5 | N26: =C26*M26 -> 161824.05
A27: 20.0 | B27: INSTALAÇÕES DE CABEAMENTO ESTRUTURADO | C27: =PO!J609 -> 72746.464 | M27: 1 | N27: =C27*M27 -> 72746.464
A28: 24.0 | B28: FECHAMENTO - MURO | C28: =PO!J674 -> 188932.14 | G28: 1 | H28: =C28*G28 -> 188932.14
B31: FÍSICO/FINANCEIRO | E31: =F31/$C$52 -> 0.038255177 | F31: =SUM(F15:F28) -> 213349.13 | G31: =H31/$C$52 -> 0.065949581 | H31: =SUM(H15:H28) -> 367800.83 | I31: =J31/$C$52 -> 0.071407728 | J31: =SUM(J15:J28) -> 398240.92 | K31: =L31/$C$52 -> 0.071407728 | L31: =SUM(L15:L28) -> 398240.92 | M31: =N31/$C$52 -> 0.18988843 | N31: =SUM(N15:N28) -> 1059007.8
A33: ITEM | B33: DESCRIÇÃO DOS SERVIÇOS | C33: P.TOTAL | E33: mês 06 | G33: mês 07 | I33: mês 08 | K33: mês 09 | M33: mês 10
E34: % | F34: R$ | G34: % | H34: R$ | I34: % | J34: R$ | K34: % | L34: R$ | M34: % | N34: R$
A36: 1.0 | B36: SERVIÇOS PRELIMINARES | C36: =PO!J14 -> 552289.75 | E36: =F36/$C$15 -> 0.085032922 | F36: 46962.811 | G36: =H36/$C$15 -> 0.085032922 | H36: 46962.811 | I36: =J36/$C$15 -> 0.085032922 | J36: 46962.811 | K36: =L36/$C$15 -> 0.085032922 | L36: 46962.811 | M36: =N36/$C$15 -> 0.085032922 | N36: 46962.811
A37: 5.0 | B37: SISTEMA DE VEDAÇÃO VERTICAL | C37: =PO!J99 -> 149315.65 | M37: 0.15490398 | N37: =C37*M37 -> 23129.588
A38: 6.0 | B38: ESQUADRIAS | C38: =PO!J113 -> 477471.95 | I38: 1 | J38: =C38*I38 -> 477471.95
A39: 7.0 | B39: SISTEMAS DE COBERTURA | C39: =PO!J169 -> 723485.03 | E39: 0.5 | F39: =C39*E39 -> 361742.52 | G39: 0.5 | H39: =C39*G39 -> 361742.52
A40: 9.0 | B40: REVESTIMENTOS INTERNO E EXTERNO | C40: =PO!J183 -> 523786.77 | E40: 0.5 | F40: =C40*E40 -> 261893.39 | G40: 0.5 | H40: =C40*G40 -> 261893.39
A41: 10.0 | B41: SISTEMAS DE PISOS | C41: =PO!J199 -> 410038.55 | E41: 0.5 | F41: =C41*E41 -> 205019.27 | G41: 0.5 | H41: =C41*G41 -> 205019.27
A42: 11.0 | B42: PINTURAS E ACABAMENTOS | C42: =PO!J222 -> 184284.92 | K42: 1 | L42: =C42*K42 -> 184284.92
A43: 15.0 | B43: LOUÇAS, ACESSÓRIOS E METAIS | C43: =PO!J371 -> 110664.75 | K43: 1 | L43: =C43*K43 -> 110664.75
A44: 18.0 | B44: INSTALAÇÃO ELÉTRICA - 220V | C44: =PO!J483 -> 323648.1 | K44: 0.5 | L44: =C44*K44 -> 161824.05
A45: 19.0 | B45: INSTALAÇÕES DE CLIMATIZAÇÃO | C45: =PO!J597 -> 21187.39 | M45: 1 | N45: =C45*M45 -> 21187.39
A46: 21.0 | B46: SISTEMA DE EXAUSTÃO MECÂNICA | C46: =PO!J648 -> 14246.702 | M46: 1 | N46: =C46*M46 -> 14246.702
A47: 22.0 | B47: SISTEMA DE PROTEÇÃO CONTRA DESCARGAS ATMOSFÉRICAS (SPDA) | C47: =PO!J652 -> 35711.887 | G47: 1 | H47: =C47*G47 -> 35711.887
A48: 23.0 | B48: SERVIÇOS COMPLEMENTARES | C48: =PO!J660 -> 213636.09 | M48: 1 | N48: =C48*M48 -> 213636.09
A49: 25.0 | B49: SERVIÇOS FINAIS | C49: =PO!J718 -> 6085.8585 | M49: 1 | N49: =C49*M49 -> 6085.8585
B51: FÍSICO/FINANCEIRO | E51: =F51/$C$52 -> 0.15700519 | F51: =SUM(F36:F49) -> 875617.99 | G51: =H51/$C$52 -> 0.16340861 | H51: =SUM(H36:H49) -> 911329.87 | I51: =J51/$C$52 -> 0.094035276 | J51: =SUM(J36:J49) -> 524434.76 | K51: =L51/$C$52 -> 0.090323921 | L51: =SUM(L36:L49) -> 503736.53 | M51: =N51/$C$52 -> 0.058319604 | N51: =SUM(N36:N49) -> 325248.44
B52: TOTAL GERAL | C52: =SUM(C15,C16,C17,C18,C38,C39,C20,C40,C41,C42,C21,C22,C23,C43,C24,C25,C44,C45,C27,C46,C47,C48,C28,C49,C37) -> 5577000.2
A54: =PO!A722 -> VALOR TOTAL POR EXTENSO: CINCO MILHÕES, QUINHENTOS E SETENTA E SETE MIL E VINTE E QUATRO CENTAVOS
E55: RESPONSÁVEL TÉCNICO ENG°. CIVIL MOISÉS MIRANDA RN: CREA: 53724 D/PE

Sheet QCI
A1: MINISTÉRIO DA EDUCAÇÃO
A2: FUNDO NACIONAL DE DESENVOLVIMENTO DA EDUCAÇÃO
A3: CAIXA ECONÔMICA FEDERAL
A4: PREFEITURA MUNICIPAL DE IPUBI/PE
A5: OBRA: CONSTRUÇÃO DE CRECHE E ESCOLA DE EDUCAÇÃO INFANTIL
A6: ENDEREÇO: RUA PROJETADA/COMUNIDADE B13, DISTRITO SERROLÂNDIA IPUBI/PE
A7: TERMO DE COMPROMISSO Nº 959087/2024/FNDE/CAIXA - OPERAÇÃO 1.093.498-25 - PROPOSTA 3164/2024
A8: REFERÊNCIA: CRECHE TIPO 1 FNDE - PERNAMBUCO - TIPO1-PLN-AT1-B220-R03
C10: QUADRO DE COMPOSIÇÃO DO INVESTIMENTO
A12: ITEM | B12: ORIGEM DO RECURSO | E12: VALOR | F12: %
A15: 1.0 | B15: RECURSO DA UNIÃO | E15: 5314128.1 | F15: =E15/E19 -> 0.95286496
A17: 2.0 | B17: CONTRAPARTIDA MUNICIPAL | E17: =E19-E15 -> 262872.15 | F17: =E17/E19 -> 0.047135044
C19: VALOR TOTAL DO INVESTIMENTO | E19: =PO!J722 -> 5577000.2 | F19: =F17+F15 -> 1
A22: RECURSOS DA UNIÃO: CINCO MILHÕES, TREZENTOS E QUATORZE MIL, CENTO E VINTE E OITO REAIS E NOVE CENTAVOS
A24: CONTRAPARTIDA MUNICIPAL: DUZENTOS E SESSENTA E DOIS MIL, OITOCENTOS E SETENTA E DOIS REAIS E QUINZE CENTAVOS
A26: =PO!A722 -> VALOR TOTAL POR EXTENSO: CINCO MILHÕES, QUINHENTOS E SETENTA E SETE MIL E VINTE E QUATRO CENTAVOS

Sheet T.ABC
A1: MINISTÉRIO DA EDUCAÇÃO
A2: FUNDO NACIONAL DE DESENVOLVIMENTO DA EDUCAÇÃO
A3: CAIXA ECONÔMICA FEDERAL
A4: PREFEITURA MUNICIPAL DE IPUBI/PE
A5: OBRA: CONSTRUÇÃO DE CRECHE E ESCOLA DE EDUCAÇÃO INFANTIL
A6: ENDEREÇO: RUA PROJETADA/COMUNIDADE B13, DISTRITO SERROLÂNDIA IPUBI/PE
A7: TERMO DE COMPROMISSO Nº 959087/2024/FNDE/CAIXA - OPERAÇÃO 1.093.498-25 - PROPOSTA 3164/2024
A8: REFERÊNCIA: CRECHE TIPO 1 FNDE - PERNAMBUCO - TIPO1-PLN-AT1-B220-R03
D9: 0.2 | E9: 0.3 | F9: 0.5
B10: TABELA ABC | D10: =C725*0.2 -> 1057549.4 | E10: =0.3*C725 -> 1586324.1 | F10: =0.5*C725 -> 2643873.5
A12: ITEM | B12: DESCRIÇÃO | C12: PREÇO TOTAL | D12: COTAÇÃO | E12: SÓ O MATERIAL | F12: P.UNIT COM BDI | G12: P.UNIT SEM BDI | H12: DIFERENÇA
A14: 1.0 | B14: SERVIÇOS PRELIMINARES
A15: 1.6 | B15: ADMINISTRAÇÃO LOCAL TIPO 1 | C15: 438711.61
D16: =E16 -> 526064.82 | E16: =F16 -> 526064.82 | F16: 526064.82 | G16: =F16/(1+PO!J10) -> 422944.98 | H16: =D16-C15 -> 87353.21
A17: 7.1 | B17: TELHA TERMOISOLANTE REVESTIDA EM ACO GALVALUME, FACE SUPERIOR TRAPEZOIDAL E FACE INFERIOR PLANA (NAO INCLUI ACESSORIOS DE FIXACAO), REVEST COM ESPESSURA DE 0,50 MM, COM PRE-PINTURA DE COR BRANCA NAS DUAS FACES, NUCLEO EM POLIIOCIANURATO (PIR) COM ESPESSURA DE 50 MM | C17: 351921.02
B18: REF DA ESCOLA 13 SALAS | D18: =PO!G170*T.ABC!F18 -> 641235.83 | E18: =D18*0.5 -> 320617.91 | F18: =G18*(1+PO!J10) -> 444.99928 | G18: 357.77 | H18: =D18-C17 -> 289314.81 | I18: 265706.4 | J18: =I18+C17 -> 617627.42
A19: 4.29 | B19: ESTRUTURA TRELIÇADA DE COBERTURA, TIPO FINK, COM LIGAÇÕES SOLDADAS, INCLUSOS PERFIS METÁLICOS, CHAPAS METÁLICAS, MÃO DE OBRA E TRANSPORTE COM GUINDASTE - FORNECIMENTO E INSTALAÇÃO. AF_01/2020_PSA | C19: 322151.7
B20: REF DA ESCOLA 13 SALAS | D20: =F20*PO!G87 -> 372869.85 | E20: =D20*0.5 -> 186434.93 | F20: 19.618782 | G20: =F20/(1+PO!J10) -> 15.773086 | H20: =D20-C19 -> 50718.153
A21: 9.4 | B21: EMBOÇO OU MASSA ÚNICA, PARA RECEBIMENTO EM CERÂMICA, EM ARGAMASSA TRAÇO 1:2:8, PREPARO MECÂNICO COM BETONEIRA 400 L, APLICADA MANUALMENTE EM PANOS CEGOS DE FACHADA (SEM PRESENÇA DE VÃOS), ESPESSURA DE 25 MM | C21: 123082.73
A22: 4.7 | B22: MONTAGEM E DESMONTAGEM DE FÔRMA DE PILARES RETANGULARES E ESTRUTURAS SIMILARES, PÉ-DIREITO SIMPLES, EM CHAPA DE MADEIRA COMPENSADA PLASTIFICADA, 18 UTILIZAÇÕES. AF_09/2020 | C22: 114557.16
A23: 9.14 | B23: FORRO DE FIBRA MINERAL EM PLACAS DE 625 X 625 MM, E = 15 MM, BORDA RETA, COM PINTURA ANTIMOFO, APOIADO EM PERFIL DE ACO GALVANIZADO COM 24 MM DE BASE - INSTALADO | C23: 107274.38
A24: 4.33 | B24: EXECUÇÃO DE PASSEIO (CALÇADA) OU PISO DE CONCRETO COM CONCRETO MOLDADO IN LOCO, USINADO C20, ACABAMENTO CONVENCIONAL, NÃO ARMADO. AF_08/2022 | C24: 92311.25
A25: 4.15 | B25: CONCRETAGEM DE VIGAS E LAJES, FCK=25 MPA, PARA LAJES MACIÇAS OU NERVURADAS COM USO DE BOMBA - LANÇAMENTO, ADENSAMENTO E ACABAMENTO. AF_02/2022_PS | C25: 79833.348
A26: 9.3 | B26: EMBOÇO OU MASSA ÚNICA, APLICAÇÃO EXTERNA, EM ARGAMASSA TRAÇO 1:2:8, PREPARO MECÂNICO COM BETONEIRA 400 L, APLICADA MANUALMENTE EM PANOS CEGOS DE FACHADA (SEM PRESENÇA DE VÃOS), ESPESSURA DE 25 MM | C26: 75190.407
A27: 9.5 | B27: EMBOÇO OU MASSA ÚNICA, PARA RECEBIMENTO EM PINTURA, EM ARGAMASSA TRAÇO 1:2:8, PREPARO MECÂNICO COM BETONEIRA 400 L, APLICADA MANUALMENTE EM PANOS CEGOS DE FACHADA (SEM PRESENÇA DE VÃOS), ESPESSURA DE 25 MM | C27: 68893.939
A28: 10.9 | B28: PISO VINÍLICO, PADRÃO LISO, CINZA CLARO, ESPESSURA 3,2 MM, FIXADO COM COLA | C28: 68672.119
A29: 10.1 | B29: CONTRAPISO DE CONCRETO NÃO-ESTRUTURAL, ESPESSURA 3 CM E PREPARO MECÂNICO | C29: 68229.213
A30: 6.39 | B30: FECHAMENTO EM CHAPA METÁLICA PERFURADA, INCLUSO PINTURA, CONFORME PROJETO | C30: 63764.857
A31: 23.2 | B31: BANCADA DE GRANITO CINZA ANDORINHA, INCLUSIVE PASSA PRATOS, ESPESSURA 2 CM - FORNECIMENTO E INSTALAÇÃO | C31: 63493.003
A32: 5;2 | B32: ALVENARIA DE VEDAÇÃO DE BLOCOS CERÂMICOS FURADOS NA VERTICAL DE 14X19X39 CM (ESPESSURA 14 CM) E ARGAMASSA DE ASSENTAMENTO COM PREPARO EM BETONEIRA. AF_12/2021 | C32: 60733.933
... A126: 23.12 | B126: TABELA DE BASQUETE OFICIAL COMPLETA | C126: 10073.11
A127: 18100 | B127: QUADRO DE DISTRIBUIÇÃO DE ENERGIA EM CHAPA DE AÇO GALVANIZADO, DE EMBUTIR, COM BARRAMENTO TRIFÁSICO, PARA 46 DISJUNTORES DIN 100A - FORNECIMENTO E INSTALAÇÃO. | C127: 10063.12
A128: 9.2 | B128: CHAPISCO APLICADO EM ALVENARIAS E ESTRUTURAS DE CONCRETO INTERNAS, COM COLHER DE PEDREIRO. ARGAMASSA TRAÇO 1:3 COM PREPARO EM BETONEIRA 400L | C128: 10027.033
A129: 6.5 | B129: PM5 -PORTA EM COMPENSADO DE MADEIRA E=2cm REVESTIDA COM LAMINADO MELAMÍNICO NAS CORES: AMARELA, VERDE, LARANJA E AZUL | C129: 9682.72
A130: 8.3 | B130: IMPERMEABILIZAÇÃO DE PISO COM EMULSÃO ASFÁLTICA, 2 DEMÃOS | C130: 9526.8609
A131: 4.20 | B131: CONTRAVERGA PRÉ-MOLDADA PARA VÃOS DE MAIS DE 1,5 M DE COMPRIMENTO. AF_03/2016 | C131: 9478.575
A132: 14.32 | B132: FILTRO ANAERÓBIO RETANGULAR, EM ALVENARIA COM BLOCOS DE CONCRETO, DIMENSÕES INTERNAS: 1,4 X 3,0 X H=1,67 M, VOLUME ÚTIL: 5040 L (PARA 32 CONTRIBUINTES). AF_12/2020 | C132: 9474.35
A133: 10.8 | B133: PISO VINÍLICO, PADRÃO LISO, AZUL, ESPESSURA 3,2 MM, FIXADO COM COLA | C133: 9418.9781
A134: 24.19 | B134: ARMAÇÃO DE PILAR OU VIGA DE ESTRUTURA CONVENCIONAL DE CONCRETO ARMADO UTILIZANDO AÇO CA-50 DE 8,0 MM - MONTAGEM. AF_06/2022 | C134: 9311.908
A135: 11.10 | B135: PINTURA LÁTEX ACRÍLICA PREMIUM, APLICAÇÃO MANUAL EM TETO, DUAS DEMÃOS. AF_04/2023 | C135: 9169.4152
A136: 6.32 | B136: JANELA DE ALUMÍNIO - JA-15 - 560 X 150 CM, TIPO MAXIM-AR, COM VIDROS, BATENTE E FERRAGENS. EXCLUSIVE ALIZAR, ACABAMENTO E CONTRAMARCO, CONFORME PROJETO DE ESQUADRIAS | C136: 9133.488
A137: 24.33 | B137: CHAPIM (RUFO CAPA) EM AÇO GALVANIZADO, CORTE 33. AF_11/2020 | C137: 9110.679
A138: 4.6 | B138: LASTRO DE CONCRETO MAGRO, APLICADO EM BLOCOS DE COROAMENTO OU SAPATAS, ESPESSURA DE 5 CM. AF_01/2024 | C138: 9108.79
A139: 17.55 | B139: SINALIZAÇÃO COM PLACA INDICATIVA FIXADA NA ESTRUTURA. | C139: 9076.8
... A492: 18.65 | B492: DISJUNTOR TRIPOLAR TIPO DIN, CORRENTE NOMINAL DE 32A - FORNECIMENTO E INSTALAÇÃO. AF_10/2020 | C492: 248.88
A493: 18100 | B493: QUADRO DE MEDIÇÃO GERAL DE ENERGIA PARA 1 MEDIDOR DE SOBREPOR - FORNECIMENTO E INSTALAÇÃO. AF_10/2020 | C493: 248.25
A494: 17.33 | B494: TÊ, CPVC, SOLDÁVEL, DN 35MM, INSTALADO EM PRUMADA DE ÁGUA FORNECIMENTO E INSTALAÇÃO. AF_06/2022 | C494: 247.65
A495: 11.11 | B495: PINTURA DE PISO COM TINTA EPÓXI, COR AMARELO, APLICAÇÃO MANUAL, 2 DEMÃOS, INCLUSO PRIMER EPÓXI | C495: 245.3692
A496: 18.58 | B496: DISJUNTOR MONOPOLAR TIPO DIN, CORRENTE NOMINAL DE 16A - FORNECIMENTO E INSTALAÇÃO. AF_10/2020 | C496: 244.01
A497: 11.3 | B497: PINTURA LÁTEX ACRÍLICA, COR VERMELHO, APLICAÇÃO MANUAL EM PAREDES, DUAS DEMÃOS | C497: 243.1096
A498: 24.2 | B498: REATERRO MECANIZADO DE VALA COM RETROESCAVADEIRA (CAPACIDADE DA CAÇAMBA DA RETRO: 0,26 M³/POTÊNCIA: 88 HP), LARGURA 0,8 A 1,5 M, PROFUNDIDADE 1,5 A 3,0 M, COM SOLO (SEM SUBSTITUIÇÃO) DE 1ª CATEGORIA E COMPACTADOR DE SOLOS DE PERCUSSÃO. AF_08/2023 | C498: 242.0481
A499: 15.3 | B499: ASSENTO SANITÁRIO CONVENCIONAL - FORNECIMENTO E INSTALACAO. AF_01/2020 | C499: 240.84
A500: 4.23 | B500: ARMAÇÃO DE LAJE DE ESTRUTURA CONVENCIONAL DE CONCRETO ARMADO UTILIZANDO AÇO CA-50 DE 6,3 MM - MONTAGEM. AF_06/2022 | C500: 240.12
A501: 18.64 | B501: DISJUNTOR TRIPOLAR TIPO DIN, CORRENTE NOMINAL DE 25A - FORNECIMENTO E INSTALAÇÃO. AF_10/2020 | C501: 237.54
A502: 18.26 | B502: HASTE DE ATERRAMENTO, DIÂMETRO 3/4", COM 3 METROS - FORNECIMENTO E INSTALAÇÃO. AF_08/2023 | C502: 233.97
A503: 14.9 | B503: JOELHO 45 GRAUS, PVC, SERIE NORMAL, ESGOTO PREDIAL, DN 100 MM, JUNTA ELÁSTICA, FORNECIDO E INSTALADO EM RAMAL DE DESCARGA OU RAMAL DE ESGOTO SANITÁRIO. AF_08/2022 | C503: 233.94
A504: 11.13 | B504: PINTURA DE PISO COM TINTA EPÓXI, COR BRANCO, APLICAÇÃO MANUAL, 2 DEMÃOS, INCLUSO PRIMER EPÓXI | C504: 231.398
A505: 16.8 | B505: LUVA, EM FERRO GALVANIZADO, CONEXÃO ROSQUEADA, DN 20 (3/4"), INSTALADO EM RAMAIS E SUB-RAMAIS DE GÁS - FORNECIMENTO E INSTALAÇÃO. AF_10/2020 | C505: 228
... A627: 4.27 | B627: ARMAÇÃO DE LAJE DE ESTRUTURA CONVENCIONAL DE CONCRETO ARMADO UTILIZANDO AÇO CA-60 DE 5,0 MM - MONTAGEM. AF_06/2022 | C627: 3.61
A628: 2.0 | B628: MOVIMENTO DE TERRA PARA FUNDAÇÕES
A629: 3.0 | B629: FUNDAÇÕES
B630: CONCRETO ARMADO PARA FUNDAÇÕES - TUBULÕES
B631: CONCRETO ARMADO PARA SAPATAS
B632: CONCRETO ARMADO PARA BLOCOS
A633: 4.0 | B633: SUPERESTRUTURA
B634: CONCRETO ARMADO - PILARES
B635: CONCRETO ARMADO - VIGAS INCLUINDO BALDRAME
B636: CONCRETO ARMADO PARA VERGAS
B637: CONCRETO ARMADO - LAJE
B638: ESTRUTURA METÁLICA
B639: PISO DE CONCRETO
B640: PAVIMENTAÇÃO INTERNA DE PISO DE CONCRETO 8 CM
B641: PAVIMENTAÇÃO EXTERNA - CALÇADA DE PISO DE CONCRETO 7 CM
A642: 5.0 | B642: SISTEMA DE VEDAÇÃO VERTICAL
B643: ELEMENTOS VAZADOS
B644: ALVENARIA DE VEDAÇÃO
B645: DIVISÓRIAS
A646: 6.0 | B646: ESQUADRIAS
B647: PORTAS DE MADEIRA
B648: FERRAGENS E ACESSÓRIOS
B649: PORTAS EM ALUMÍNIO
B650: JANELAS EM ALUMÍNIO
B651: PORTAS DE VIDRO
B652: ESQUADRIA GERAL
A653: 7.0 | B653: SISTEMAS DE COBERTURA
A654: 8.0 | B654: IMPERMEABILIZAÇÃO
A655: 9.0 | B655: REVESTIMENTOS INTERNO E EXTERNO
B656: EDIFICAÇÃO
A657: 10.0 | B657: SISTEMAS DE PISOS
B658: PAVIMENTAÇÃO INTERNA
B659: PAVIMENTAÇÃO EXTERNA
A660: 11.0 | B660: PINTURAS E ACABAMENTOS
B661: PINTURA PAREDES
B662: PINTURA DE FORROS
B663: PISO - ESTACIONAMENTO
B664: PISO PLAYGROUND
B665: PINTURA - DIVERSOS
B666: ESTRUTURA METÁLICA
A667: 12.0 | B667: INSTALAÇÃO HIDRÁULICA
B668: TUBULAÇÕES E CONEXÕES DE PVC RÍGIDO
...

Sheet CRO INFRA
A1: MINISTÉRIO DA EDUCAÇÃO
A2: FUNDO NACIONAL DE DESENVOLVIMENTO DA EDUCAÇÃO
A3: CAIXA ECONÔMICA FEDERAL
A4: PREFEITURA MUNICIPAL DE IPUBI/PE
A5: OBRA: CONSTRUÇÃO DE CRECHE E ESCOLA DE EDUCAÇÃO INFANTIL
A6: ENDEREÇO: RUA PROJETADA/COMUNIDADE B13, DISTRITO SERROLÂNDIA IPUBI/PE
A7: TERMO DE COMPROMISSO Nº 959087/2024/FNDE/CAIXA - OPERAÇÃO 1.093.498-25 - PROPOSTA 3164/2024
A8: REFERÊNCIA: CRECHE TIPO 1 FNDE - PERNAMBUCO - TIPO1-PLN-AT1-B220-R03
B10: CRONOGRAMA DA EXECUÇÃO DOS ITENS NÃO FINANCIÁVEIS
A12: ITEM | B12: DESCRIÇÃO DOS SERVIÇOS | D12: MÊS 01 AO 10
A17: 1.0 | B17: FORNECIMENTO DE ENERGIA ELÉTRICA E ILUMINAÇÃO
A21: 2.0 | B21: CONSTRUÇÃO DE CRECHE TIPO 1
A25: 3.0 | B25: PROLONGAMENTO DA PAVIMENTAÇÃO EM 55M PARA ATENDER O ACESSO PRINCIPAL DA CRECHE
D28: RESPONSÁVEL TÉCNICO ENG°. CIVIL MOISÉS MIRANDA RN: CREA: 53724 D/PE
